 Dungeon Crawl Stone Soup version 0.17.2-1-ge4368a0 (webtiles) character file.

4 Goblin1989 the Charlatan (level 1, 0/16 HPs)
             Began as a Demonspawn Artificer on Feb 4, 2017.
             Slain by a kobold (2 damage)
             ... on level 1 of the Dungeon.
             The game lasted 00:01:09 (94 turns).

Goblin1989 the Charlatan (Demonspawn Artificer)       Turns: 94, Time: 00:01:09

Health: 0/16       AC:  5    Str: 11    XL:     1   Next: 58%
Magic:  3/3        EV: 10    Int: 13    God:
Gold:   0          SH:  0    Dex: 13    Spells: 0 memorised, 0 levels left

rFire  . . .     SeeInvis .     a - +0 short sword
rCold  . . .     Clarity  .     d - +0 ring mail
rNeg   . . .     SustAt   .     (no shield)
rPois  .         Gourm    .     (no helmet)
rElec  .         Spirit   .     (no cloak)
rCorr  .         Warding  .     (no gloves)
rMut   .         Stasis   .     (no boots)
MR     .....                    (no amulet)
Stlth  +.........               (no ring)
                                (no ring)

@: not resistant to hostile enchantments, very unstealthy
A: no striking features
a: no special abilities


You were on level 1 of the Dungeon.
You were not hungry.

You visited 1 branch of the dungeon, and saw 1 of its levels.

Inventory:

Hand Weapons
 a - a +0 short sword (weapon)
Armour
 d - a +0 ring mail (worn)
Wands
 c - a wand of flame (15)
 f - a wand of random effects (15)
 E - a wand of enslavement (15)
Comestibles
 e - a bread ration {@e1}


   Skills:
 + Level 1.7 Fighting
 - Level 0.8 Short Blades
 - Level 1.7 Dodging
 - Level 0.8 Stealth
 - Level 3.0 Evocations


You couldn't memorise any spells.
You didn't know any spells.

Dungeon Overview and Level Annotations

Branches:
Dungeon (1/15)

Altars:


Message History

Failed to move towards target.
Failed to move towards target.
Failed to move towards target.
Failed to move towards target.
Found a stone staircase leading down.
A kobold comes into view. It is wielding a dagger.
The kobold shouts!
The kobold moves out of view.
A goblin comes into view. It is wielding a dagger.
A goblin is nearby!
The goblin shouts!
You hit the kobold.
You kill the kobold!
The goblin hits you but does no damage.
Things that are here:
a dagger; a kobold corpse You hit the goblin.
You kill the goblin!
No target in view!
No target in view!
No target in view!
No target in view!
No target in view!
No target in view!
No target in view!
No target in view!
No target in view!
No target in view!
No target in view!
No target in view!
No target in view!
No target in view!
No target in view!
No target in view!
No target in view!
No target in view!
No target in view!
No target in view!
No target in view!
No target in view!
Things that are here:
a dagger; a robe; a goblin corpse A kobold comes into view.
A kobold is nearby!
A kobold is nearby!
The kobold shouts!
The kobold throws a stone.
The stone hits you but does no damage.
A giant gecko, a rat and a giant cockroach come into view.
The giant cockroach bites you but does no damage.
The kobold hits you but does no damage.
You barely miss the giant cockroach. The giant cockroach bites you.
The kobold hits you but does no damage.
You take 2 damage, and have 13/15 hp.
You closely miss the rat.
The giant gecko bites you but does no damage.
The giant cockroach bites you. The rat bites you but does no damage.
The kobold barely misses you.
You take 1 damage, and have 12/15 hp.
You hit the rat.
The rat is moderately wounded.
The giant gecko bites you but does no damage.
The giant cockroach bites you. The rat bites you.
The kobold completely misses you. The giant gecko bites you.
* * * LOW HITPOINT WARNING * * *
You are too injured to fight recklessly!
You take 8 damage, and have 4/15 hp.
O_OOPS!!
MASSIVE DAMAGE!!
The giant cockroach barely misses you. The rat bites you but does no damage.
The giant gecko bites you but does no damage.
You closely miss the giant gecko. The giant gecko bites you.
* * * LOW HITPOINT WARNING * * *
You take 3 damage, and have 1/15 hp.
You closely miss the giant gecko.
The giant gecko bites you but does no damage.
The giant gecko bites you but does no damage.
The giant gecko barely misses you.
The kobold throws a stone.
The stone closely misses you.
The giant gecko bites you but does no damage.
You barely miss the giant gecko.
The giant gecko bites you but does no damage.
You hit the giant gecko.
You kill the giant gecko!
You hit the rat.
The rat is heavily wounded.
The rat bites you but does no damage.
You hit the rat.
You kill the rat!
You hit the kobold.
The kobold is moderately wounded.
The kobold barely misses you.
You barely miss the kobold.
The kobold is moderately wounded.
The kobold barely misses you.
You barely miss the kobold.
The kobold is moderately wounded.
The kobold hits you but does no damage.
You hit the kobold.
The kobold is severely wounded.
The kobold hits you.
You die...

██ .█ █.█ .█████.██..██ .
..██.......█
...█████████..........█.
.............(..........
........................
███████████..█>██..........
.........█.)..sK@..........
.........██).█.██.........█
███████..██..█.██.........█
≈≈≈≈≈;█.....r█.██.........█
≈≈≈≈≈≈█......█.██........██
≈≈≈≈≈≈█.....s█K██?.......█
███████..██....██.█.....██
.........█.....██.█..(...█
.........█.....██.........█


You could see a giant cockroach and a kobold.

Vanquished Creatures
  2 kobolds (D:1)
  A giant gecko (D:1)
  A goblin (D:1)
  2 rats (D:1)
6 creatures vanquished.

Notes
Turn   | Place    | Note
--------------------------------------------------------------
     0 | D:1      | Goblin1989 the Demonspawn Artificer began the quest for the Orb.
     0 | D:1      | Reached XP level 1. HP: 15/15 MP: 3/3
     0 | D:1      | ReniFell: !decentchar
     2 | D:1      | beem: The RNG chooses: MiAM
     2 | D:1      | ReniFell: !decentchar
     5 | D:1      | beem: The RNG chooses: CeHu
    22 | D:1      | Noticed an electric eel
    26 | D:1      | ReniFell: >>>>miam
    94 | D:1      | Slain by a kobold

Action                   || total
-------------------------++-------
Melee: Short sword       ||    18

Vault maps used:
D:1:      arrival_aquarium_a
